 Dungeon Crawl Stone Soup version 0.29.1-15-g9cfb28693d (webtiles) character file.

Game seed: 13121380027429819138

48 KittyFluff the Cudgeller (level 3, -1/34 HPs)
             Began as a Gargoyle Berserker on Apr 28, 2023.
             Was a Believer of Trog.
             Slain by a kobold
             ... wielding a +0 club
              (2 damage)
             ... on level 2 of the Dungeon.
             The game lasted 00:04:07 (977 turns).

KittyFluff the Cudgeller (Gargoyle Berserker)        Turns: 977, Time: 00:04:07

Health: -1/34      AC:  7    Str: 20    XL:     3   Next: 72%
Magic:  3/3        EV:  8    Int:  7    God:    Trog [**....]
Gold:   63         SH:  0    Dex: 11    Spells: 2/2 levels left

rFire   . . .      SeeInvis .   a - +0 mace
rCold   . . .      Faith    .   (no shield)
rNeg    + . .      Spirit   .   c - +0 leather armour
rPois   ∞          Reflect  .   (no helmet)
rElec   +          Harm     .   (no cloak)
rCorr   .          Rampage  .   (no gloves)
Will    .....                   d - +0 pair of boots
Stlth   ..........              (no amulet)
HPRegen 0.11/turn               (no ring)
MPRegen 0.08/turn               (no ring)

@: berserking, constricted, very quick
A: sickness immunity, AC +3, negative energy resistance 1, electricity
resistance, torment resistance 1, petrification resistance
a: Renounce Religion, Berserk, Trog's Hand


You were on level 2 of the Dungeon.
You worshipped Trog.
Trog was pleased with you.
You visited 1 branch of the dungeon, and saw 2 of its levels.

You collected 63 gold pieces.

Inventory:

Hand Weapons
 a - a +0 mace (weapon)
Missiles
 b - 3 poisoned darts (quivered)
Armour
 c - a +0 leather armour (worn)
 d - a +0 pair of boots (worn)
Scrolls
 e - 2 scrolls of identify {unknown}
 f - a scroll of amnesia {unknown}


   Skills:
 + Level 3.6 Fighting
 + Level 3.7 Maces & Flails
 * Level 2.9 Armour
 + Level 1.8 Dodging
 + Level 0.2 Stealth


You had 2 spell levels left.
You didn't know any spells.
Your spell library was empty.

Dungeon Overview and Level Annotations

Branches:
Dungeon (2/15)

Altars:


Innate Abilities, Weirdness & Mutations

You are immune to sickness and miasma.
Your stone body is resilient. (AC +3)
You are immune to poison.
You resist negative energy. (rN+)
You are resistant to electric shocks. (rElec)
You are resistant to unholy torment.
You are immune to petrification.


Message History

You now have 63 gold pieces (gained 9).
A kobold comes into view. It is wielding a +0 club.
The kobold shouts!
A worm comes into view.
Found a club.
Found a leather armour.
The worm closely misses you.
You hit the worm.
The worm is heavily wounded.
A ball python comes into view.
The worm bites you.
You hit the worm but do no damage.
The worm is moderately wounded.
You hit the worm.
The worm is heavily wounded.
The worm bites you.
You hit the worm.
The worm is almost dead.
The worm barely misses you. The kobold hits you but does no damage.
You miss the kobold. The kobold closely misses you. The worm bites you.
* * * LOW HITPOINT WARNING * * *
You hit the kobold but do no damage.
The ball python bites you but does no damage.
The ball python closely misses you. The kobold hits you but does no damage.
You barely miss the worm.
The worm is severely wounded.
The ball python barely misses you. The ball python grabs you.
The ball python constricts you. The kobold closely misses you.
The worm bites you.
* * * LOW HITPOINT WARNING * * *
The ball python barely misses you. The ball python constricts you.
A red film seems to cover your vision as you go berserk!
You feel yourself moving faster!
You feel mighty! The kobold hits you but does no damage.
The ball python closely misses you. The ball python constricts you.
The worm closely misses you.
You sock the worm!
You kill the worm!
Trog accepts your kill. The kobold hits you with a +0 club.
You die...

.# ##...............
.###.................[..
..#..)..................
........................
##.#.#..................
........................
†.............##........
....>..#####.###S.......
.......# #...K@†......
.......# #####.......#
.......# #.....#..
.......# #....)#
.......# #.....#
.......# #######
....>..# ########


You could see a ball python and a kobold.

Vanquished Creatures
  An adder (D:2)
  4 dart slugs
  A worm (D:2)
  2 ball pythons (D:1)
  2 endoplasms
  4 goblins (D:1)
  2 hobgoblins (D:1)
  2 jackals (D:1)
  3 quokkas
  5 bats
  A frilled lizard (D:1)
  A kobold (D:2)
  2 rats (D:1)
30 creatures vanquished.

Notes
Turn   | Place    | Note
-------+----------+-------------------------------------------
     0 | D:1      | KittyFluff the Gargoyle Berserker began the quest for the
                  | Orb.
     0 | D:1      | Reached XP level 1. HP: 14/14 MP: 1/1
   362 | D:1      | Reached XP level 2. HP: 14/19 MP: 2/2
   711 | D:1      | Reached XP level 3. HP: 17/23 MP: 3/3
   892 | D:2      | Reached ** piety under Trog
   975 | D:2      | HP: 1/23 [worm (6)]
   977 | D:2      | Slain by a kobold

Illustrated notes

Levels and vault maps discovered:
D:1:      minmay_arrival_four_circles, layout_basic, serial_rivers,
          chequers_serial_rivers_small_b, chequers_serial_rivers_micro_b,
          chequers_serial_rivers_marsh, chequers_serial_rivers_small_3,
          chequers_serial_rivers_marsh, chequers_serial_rivers_micro_a
D:2:      layout_rooms, kennysheep_pointless_box

Action                   || total
-------------------------++-------
Melee: Mace              ||   111
       Punch             ||     2
Invok: Berserk           ||     1
Armor: Animal skin       ||     6
       Leather armour    ||    57
Dodge: Dodged            ||   103
